 Dungeon Sprint DCSS version 0.17-a0-1210-g1e4f09d (webtiles) character file.

404 Kidiri the Covert (level 6, -1/35 HPs)
             Began as a Spriggan Assassin on June 3, 2015.
             Was a Believer of Dithmenos.
             Shot with an arrow by a centaur warrior (17 damage)
             ... in the Dungeon (Sprint IX: "|||||||||||||||||||||||||||||").
             The game lasted 00:05:57 (1495 turns).

Kidiri the Covert (Spriggan Assassin)               Turns: 1495, Time: 00:05:59

Health: -1/35      AC:  5    Str:  7    XL:     6   Next: 56%
Magic:  9/9        EV: 26    Int: 12    God:    Dithmenos [**....]
Gold:   0          SH:  0    Dex: 23    Spells: 0 memorised, 5 levels left

rFire  . . .     SeeInvis +     a - +2 dagger
rCold  . . .     Clarity  .     c - +0 robe
rNeg   . . .     SustAt   .     (shield restricted)
rPois  .         Gourm    .     (helmet restricted)
rElec  .         Spirit   .     d - +0 cloak
rCorr  .         Warding  .     (gloves unavailable)
rMut   .         NoTele   +     (boots unavailable)
MR     +....                    (no amulet)
Stlth  +++++++++.               r - +2 ring of protection
                                q - +3 ring of dexterity

@: wreathed by umbra, very quick, somewhat resistant to hostile enchantments,
incredibly stealthy
A: unfitting armour, see invisible, herbivore 3, speed 3, slow metabolism 2
a: Shadow Step, Renounce Religion


You were in the Dungeon.
You worshipped Dithmenos.
Dithmenos was pleased with you.
You were not hungry.

You visited 1 branch

Inventory:

Hand weapons
 a - a +2 dagger (weapon)
 b - a +0 blowgun
Armour
 c - a +0 robe (worn)
 d - a +0 cloak (worn)
Jewellery
 q - a +3 ring of dexterity (left hand)
 r - a +2 ring of protection (right hand)
Scrolls
 m - 2 scrolls of blinking
 o - 3 scrolls of remove curse
 p - 2 scrolls of amnesia
Potions
 h - 5 potions of curing
 i - 2 potions of heal wounds
 j - a potion of haste
 k - 4 potions of magic
 l - a potion of berserk rage
 n - a potion of invisibility
Comestibles
 g - a bread ration


   Skills:
 * Level 4.8 Fighting
 * Level 5.0 Short Blades
 * Level 6.8 Throwing
 * Level 7.6 Dodging
 * Level 13.9 Stealth
 + Level 3.0 Invocations


You had 5 spell levels left.
You didn't know any spells.

Dungeon Overview and Level Annotations

Branches:
Dungeon (1/1)

Altars:
Cheibriados
Dithmenos
Elyvilon
Fedhas
Gozag
Kikubaaqudgha
Makhleb
Nemelex Xobeh
Okawaru
Qazlal
Ru
Sif Muna
Trog
Vehumet
Xom
Yredelemnul
Zin
The Shining One
Beogh
Jiyva
Lugonu


Innate Abilities, Weirdness & Mutations

You are tiny and cannot use many weapons and most armour.
You have supernaturally acute eyesight.
You are a herbivore.
You cover ground extremely quickly.
You need consume almost no food.


Message History

The centaur warrior is moderately wounded.
The centaur warrior hits you!
* * * LOW HITPOINT WARNING * * *
Drink which item? (? for menu, Esc to quit)
You feel much better. The centaur warrior misses you.
You hit the centaur warrior but do no damage.
The centaur warrior is moderately wounded.
The centaur warrior hits you! The centaur warrior misses you.
The centaur warrior wields a shortbow.
The centaur warrior shoots an arrow.
The arrow barely misses you.
The centaur warrior shoots an arrow.
The arrow hits you.
There is an open door to the Dungeon, spattered with blood here.
You see here an arrow.
You kill the orc wizard!
Dithmenos accepts your kill.
Dithmenos appreciates your extinguishing a source of fire.
Your Short Blades skill increases to level 5!
Your Invocations skill increases to level 3!
The centaur warrior shoots an arrow.
The arrow hits you!
You die...

▓O▓
▓a▓
▓)▓
▓c▓
▓.▓
▓.▓
▓.▓
▓(▓
▓@▓
▓.▓
▓(▓
▓[▓
▓[▓
▓)▓
▓|▓
▓.▓
▓.▓


You could see a centaur warrior and a worker ant.

Vanquished Creatures
  A water moccasin (D)
  A black bear (D)
  An ogre (D)
  A crimson imp (D)
  A jelly (D)
  An orc wizard (D)
  A worker ant (D)
  A gnoll (D)
  An adder (D)
  An orc (D)
  A bat skeleton (D)
  2 goblins (D)
  A hobgoblin (D)
  A giant newt (D)
  A quokka zombie (D)
  3 rats (D)
19 creatures vanquished.

Notes
Turn   | Place    | Note
--------------------------------------------------------------
     0 | D        | Kidiri the Spriggan Assassin began the quest for the Orb.
     0 | D        | Reached XP level 1. HP: 10/10 MP: 2/2
    11 | D        | Reached skill level 6 in Stealth
    25 | D        | Reached skill level 7 in Stealth
   264 | D        | Noticed an ogre
   446 | D        | Reached skill level 8 in Stealth
   446 | D        | Reached XP level 2. HP: 15/15 MP: 3/3
   449 | D        | Reached skill level 9 in Stealth
   476 | D        | Killed an ogre
   476 | D        | Reached skill level 12 in Stealth
   476 | D        | Reached XP level 3. HP: 4/19 MP: 4/4
   476 | D        | Reached XP level 4. HP: 4/23 MP: 5/5
   756 | D        | Found a glowing silver altar of Zin.
   756 | D        | Found a glowing golden altar of the Shining One.
   756 | D        | Found an ancient bone altar of Kikubaaqudgha.
   756 | D        | Found a basalt altar of Yredelemnul.
   756 | D        | Found a shimmering altar of Xom.
   756 | D        | Found a radiant altar of Vehumet.
   757 | D        | Found an iron altar of Okawaru.
   758 | D        | Found a burning altar of Makhleb.
   759 | D        | Found a deep blue altar of Sif Muna.
   760 | D        | Found a bloodstained altar of Trog.
   761 | D        | Found a sparkling altar of Nemelex Xobeh.
   762 | D        | Found a white marble altar of Elyvilon.
   763 | D        | Found a roughly hewn altar of Beogh.
   764 | D        | Found a viscous altar of Jiyva.
   765 | D        | Found a corrupted altar of Lugonu.
   766 | D        | Found a blossoming altar of Fedhas.
   767 | D        | Found a snail-covered altar of Cheibriados.
   768 | D        | Found a shadowy altar of Dithmenos.
   769 | D        | Found a stormy altar of Qazlal.
   770 | D        | Found an opulent altar of Gozag.
   771 | D        | Found a sacrificial altar of Ru.
   776 | D        | Became a worshipper of Dithmenos the Shadowed
   797 | D        | Noticed a water moccasin
   797 | D        | Noticed a crimson imp
   797 | D        | Noticed a jelly
   797 | D        | Noticed a black bear
  1052 | D        | Killed a black bear
  1052 | D        | Reached skill level 5 in Throwing
  1052 | D        | Reached skill level 5 in Dodging
  1052 | D        | Reached skill level 1 in Invocations
  1052 | D        | Reached XP level 5. HP: 23/28 MP: 5/7
  1065 | D        | Killed a jelly
  1065 | D        | Reached skill level 13 in Stealth
  1087 | D        | Killed a water moccasin
  1087 | D        | Reached XP level 6. HP: 14/34 MP: 8/8
  1165 | D        | Killed a crimson imp
  1262 | D        | Acquired Dithmenos's first power
  1456 | D        | Noticed an ogre
  1456 | D        | Noticed a worker ant
  1456 | D        | Noticed a centaur warrior
  1456 | D        | Noticed an orc wizard
  1456 | D        | Noticed a worker ant
  1485 | D        | Killed a worker ant
  1495 | D        | Killed an orc wizard
  1495 | D        | Reached skill level 5 in Short Blades
  1495 | D        | Shot with an arrow by a centaur warrior

Vault maps used:
D:        linesprint

Action                   |  1- 3 |  4- 6 || total
-------------------------+-------+-------++-------
Melee: Dagger            |    12 |   110 ||   122
 Fire: Blowgun           |    16 |    17 ||    33
  Use: Potion            |       |     1 ||     1
 Stab: Distracted        |     1 |       ||     1
